[Event "Team 45 45 League T62"]
[Site "Internet Chess Club"]
[Date "2014.09.26"]
[Round "5"]
[White "MetaGod"]
[Black "Baron500"]
[Result "1/2-1/2"]
[WhiteElo "1584"]
[BlackElo "1639"]
[Opening "Neo-Grünfeld, 6.O-O"]
[ECO "D77"]
[Time "17:00:24"]
[TimeControl "2700+45"]

1. c4 Nf6 2. g3 d5 3. Bg2 g6 4. Nf3 Bg7 5. O-O O-O 6. d4 dxc4 7. Na3 c3 8. bxc3
c5 9. Bb2 Nc6 10. e3 Qb6 11. Nc4 Qa6 12. Nce5 Rd8 13. Nxc6 bxc6 14. Re1 Rb8 15.
Qc1 cxd4 16. cxd4 Nd5 17. Ba3 Nb4 18. Bf1 Qa4 19. Rb1 Be6 20. Rxb4 Rxb4 21. Bxb4
Qxb4 22. Qxc6 Bd5 23. Qc7 Rf8 24. e4 Bxa2 25. Qxa7 Be6 26. h3 Qc3 27. Re3 Qc1
28. g4 Bh6 29. Re1 Qc3 30. Kg2 Bg7 31. d5 Bc8 32. Qxe7 h5 33. e5 hxg4 34. hxg4
Bxg4 35. Re3 Bxf3+ 36. Kxf3 Qc1 37. Kg2 Bh6 38. Rh3 Bg5 39. Qb4 Qf4 40. Qxf4
Bxf4 41. e6 fxe6 42. dxe6 Re8 43. Bb5 Re7 44. Bd7 Kg7 45. Rb3 g5 46. Kf3 Kf6 47.
Ke4 Rh7 48. Rb7 Bd6 49. Kd5 Be7 50. Rb3 g4 51. Rg3 Rh5+ 52. Ke4 Re5+ 53. Kf4
Rf5+ 54. Kxg4 Rxf2 55. Rf3+ {Game drawn by mutual agreement} 1/2-1/2

[Event "Team 45 45 League T62"]
[Site "Internet Chess Club"]
[Date "2014.09.28"]
[Round "5"]
[White "QuieroAprender"]
[Black "Electryon"]
[Result "1-0"]
[WhiteElo "1663"]
[BlackElo "1440"]
[Opening "Sicilian: accelerated fianchetto, exchange variation"]
[ECO "B34"]
[Time "15:01:48"]
[TimeControl "2700+45"]

1. e4 c5 2. Nf3 Nc6 3. d4 cxd4 4. Nxd4 g6 5. Nxc6 bxc6 6. Nc3 Bg7 7. Qf3 e6 8.
Bd2 Nf6 9. Rd1 O-O 10. Bg5 h6 11. Bh4 e5 12. Rd6 g5 13. Bg3 Qe7 14. Rd2 Rb8 15.
b3 d6 16. h4 g4 17. Qd3 Rd8 18. f4 Nh5 19. fxe5 Nxg3 20. Qxg3 Bxe5 21. Qe3 Bxc3
22. Qxc3 Qxe4+ 23. Re2 Qd5 24. Qe3 Ba6 25. c4 Qa5+ 26. Kd1 Bxc4 27. Rc2 Re8 28.
Qf2 Bxf1 29. Rxf1 Qd5+ 30. Kc1 Rb7 31. Qf4 h5 32. Rd1 Qe5 33. Qh6 Qe3+ 34. Qxe3
Rxe3 35. Rxd6 Rb6 36. Rdxc6 Rxc6 37. Rxc6 Re2 38. Rc2 Rxc2+ 39. Kxc2 f5 40. Kd3
Kf7 41. Ke3 a5 42. a3 Kf6 43. Kf4 Kg6 44. b4 axb4 45. axb4 Kf6 46. b5 Ke6 47. b6
Kd6 48. Kxf5 g3 49. Kg5 Kc6 50. Kxh5 Kxb6 51. Kg4 Kc6 52. Kxg3 Kd7 53. Kg4 Ke7
54. Kg5 Kf7 55. Kh6 Kg8 56. g4 Kh8 57. Kg6 Kg8 58. Kf6 Kf8 59. h5 Kg8 60. g5 Kf8
61. g6 Kg8 62. h6 Kf8 63. h7 {Black resigns} 1-0

[Event "Team 45 45 League T62"]
[Site "Internet Chess Club"]
[Date "2014.09.28"]
[Round "5"]
[White "ChessMaine"]
[Black "houseofcook"]
[Result "1-0"]
[WhiteElo "1522"]
[BlackElo "1458"]
[Opening "Colle system"]
[ECO "A46"]
[Time "05:03:26"]
[TimeControl "2700+45"]

1. d4 Nf6 2. Nf3 e6 3. e3 c5 4. c3 d5 5. Bd3 Be7 6. Nbd2 O-O 7. Ne5 b6 8. f4 Bb7
9. Qf3 Nbd7 10. O-O cxd4 11. exd4 Qc7 12. Qe2 a6 13. Rf3 Rfe8 14. Rh3 Nf8 15. g4
N6d7 16. g5 Nxe5 17. fxe5 Bxg5 18. Qg4 Be7 19. Bxh7+ Nxh7 20. Qh5 f6 21. Qxh7+
Kf7 22. Qh5+ Kg8 23. Nf3 fxe5 24. Qh7+ Kf7 25. Nxe5+ {Black resigns} 1-0

[Event "Team 45 45 League T62"]
[Site "Internet Chess Club"]
[Date "2014.09.28"]
[Round "5"]
[White "JohLeb"]
[Black "seattleblues"]
[Result "1-0"]
[WhiteElo "1363"]
[BlackElo "1411"]
[Opening "Old Indian defense"]
[ECO "E70"]
[Time "21:11:01"]
[TimeControl "2700+45"]

1. d4 Nf6 2. c4 d6 3. Nc3 g6 4. e4 Bg7 5. Bd3 O-O 6. Nge2 e5 7. d5 a5 8. a4 Na6
9. Na2 Nc5 10. Nec3 Nxd3+ 11. Qxd3 Ne8 12. O-O f5 13. f4 fxe4 14. Nxe4 Bf5 15.
Nac3 exf4 16. Bxf4 Kh8 17. Rab1 Nf6 18. Bg5 Qd7 19. h3 Nxe4 20. Nxe4 Qxa4 21. b3
Qd7 22. Qe3 Rfe8 23. Nf6 Qf7 24. Nxe8 Rxe8 25. Qf3 Qd7 26. Rbe1 Rf8 27. Re7 Bd4+
28. Kh1 Qc8 29. Rfe1 Be5 30. g4 Bd7 31. Qe3 Re8 32. Qf3 Rxe7 33. Bxe7 Bf6 {Black
resigns} 1-0

[Event "Team 45 45 League T62"]
[Site "Internet Chess Club"]
[Date "2014.09.27"]
[Round "5"]
[White "PaulRichard"]
[Black "semperfi"]
[Result "1/2-1/2"]
[WhiteElo "1571"]
[BlackElo "1375"]
[Opening "French: Rubinstein variation"]
[ECO "C03"]
[Time "19:30:20"]
[TimeControl "2700+45"]

1. e4 e6 2. d4 d5 3. Nd2 dxe4 4. Nxe4 Nd7 5. Nf3 Ngf6 6. Nxf6+ Nxf6 7. c3 Bd6 8.
Bd3 O-O 9. O-O b6 10. Qe2 Bb7 11. Bg5 h6 12. Bh4 Be7 13. Rad1 Nd5 14. Bxe7 Qxe7
15. Qe4 f5 16. Qe5 Nf6 17. Bxf5 Bxf3 18. Qxe6+ Qxe6 19. Bxe6+ Kh8 20. gxf3 Nh5
21. Bg4 Nf4 22. Rfe1 Rad8 23. Re7 h5 24. Bd7 Nd5 25. Rde1 Nxe7 26. Rxe7 Rxf3 27.
Bc6 Rf6 28. Rxc7 Rdf8 29. f3 g5 30. Be4 R6f7 31. Rxf7 {Game drawn by mutual
agreement} 1/2-1/2

[Event "Team 45 45 League T62"]
[Site "Internet Chess Club"]
[Date "2014.09.28"]
[Round "5"]
[White "Elalfer"]
[Black "Tjet"]
[Result "1-0"]
[WhiteElo "1495"]
[BlackElo "1607"]
[Opening "Philidor: Larsen variation"]
[ECO "B07"]
[Time "19:01:49"]
[TimeControl "2700+45"]

1. d4 d6 2. e4 e5 3. Nf3 exd4 4. Nxd4 g6 5. Be2 Bg7 6. O-O Nf6 7. Re1 O-O 8. Nc3
Re8 9. Bf1 b6 10. Bg5 Bb7 11. Nd5 Bxd5 12. exd5 Rxe1 13. Qxe1 Nbd7 14. c4 h6 15.
Nc6 Qe8 16. Qxe8+ Nxe8 17. Bd8 Bxb2 18. Re1 Ne5 19. f4 Nxc6 20. Rxe8+ Kh7 21.
dxc6 Bd4+ 22. Kh1 Bf6 23. Rf8 Rxd8 24. Rxf7+ Bg7 25. Rxc7 a5 26. Rb7 Rc8 27.
Rxb6 Bd4 28. Rb7+ Kg8 29. c7 Kf7 30. Bd3 Kf6 31. g4 Bc5 32. f5 g5 33. Kg2 Bd4
34. Kf3 Ke5 35. f6 Bb6 36. Bf5 {Black resigns} 1-0

[Event "Team 45 45 League T62"]
[Site "Internet Chess Club"]
[Date "2014.09.25"]
[Round "5"]
[White "SATELLITE-DAN"]
[Black "HorseRadish"]
[Result "*"]
[WhiteElo "1489"]
[BlackElo "1368"]
[Opening "Pirc: bayonet (Mariotti) attack"]
[ECO "B07"]
[Time "21:00:35"]
[TimeControl "2700+45"]

1. e4 d6 2. d4 Nf6 3. Nc3 g6 4. Be2 Bg7 5. h4 h6 6. Be3 b6 7. Nf3 Bb7 8. O-O
Nxe4 9. Nxe4 Bxe4 10. Bd3 Bb7 11. c4 Nc6 12. d5 Ne5 13. Nxe5 Bxe5 14. f4 Bxb2
15. Rb1 Ba3 16. f5 gxf5 17. Bxf5 c6 18. Qh5 Bc5 19. Bxc5 dxc5 20. Be6 Qd6 21.
Qxf7+ Kd8 22. Qg7 Kc7 23. Rf7 Rae8 24. Re1 Kd8 25. a4 cxd5 {Game adjourned when
White disconnected} *

[Event "Team 45 45 League T62"]
[Site "Internet Chess Club"]
[Date "2014.09.29"]
[Round "5"]
[White "tamky70"]
[Black "chessman64"]
[Result "0-1"]
[WhiteElo "1379"]
[BlackElo "1421"]
[Opening "Ruy Lopez: Cozio defense"]
[ECO "C60"]
[Time "13:00:24"]
[TimeControl "2700+45"]

1. Nf3 Nc6 2. e4 e5 3. Bb5 Nge7 4. c3 d6 5. d3 Bd7 6. Nbd2 Na5 7. Ba4 b6 8. b4
Nb7 9. O-O a5 10. a3 Ng6 11. d4 Be7 12. Bb2 O-O 13. d5 f5 14. Bc6 Rb8 15. b5
fxe4 16. Nxe4 Bg4 17. Bxb7 Rxb7 18. c4 Nh4 19. Ned2 Bg5 20. Qe1 Nxf3+ 21. Nxf3
Bxf3 22. gxf3 Rxf3 23. Bc1 Qf6 24. Bxg5 Qxg5+ 25. Kh1 Rb8 26. Rg1 Qh4 27. Rg2
Rbf8 28. Ra2 Qxc4 29. Qg1 g6 30. Qb1 Qd3 31. Qc1 Qxb5 32. Kg1 Qxd5 33. Rd2 Rd3
34. Rxd3 Qxd3 35. Rg3 Qd4 36. Qc2 e4 37. Re3 c5 38. Qb3+ c4 39. Qc2 d5 40. Qa4
Qf6 41. Qc2 b5 42. Qd2 Qg5+ 43. Kf1 Qe5 44. Qxa5 Qxh2 45. Re2 e3 46. Qxb5 Rxf2+
47. Ke1 Qg1# {White checkmated} 0-1

[Event "Team 45 45 League T62"]
[Site "Internet Chess Club"]
[Date "2014.09.28"]
[Round "5"]
[White "KingOfClubs"]
[Black "QuimCatala"]
[Result "0-1"]
[WhiteElo "1369"]
[BlackElo "1431"]
[Opening "Sicilian: Pelikan, Chelyabinsk variation"]
[ECO "B33"]
[Time "12:00:14"]
[TimeControl "2700+45"]

1. e4 c5 2. Nf3 Nc6 3. d4 cxd4 4. Nxd4 Nf6 5. Nc3 e5 6. Ndb5 d6 7. Bg5 a6 8. Na3
b5 9. Nd5 Qa5+ 10. Bd2 Qd8 11. Nxf6+ gxf6 12. c3 Bg7 13. Be2 O-O 14. Bf3 f5 15.
exf5 Bxf5 16. Bxc6 Rc8 17. Bb7 Rb8 18. Bf3 Bd3 19. Be2 e4 20. Bxd3 exd3 21. O-O
Qf6 22. Be3 Qg6 23. Qd2 Be5 24. f4 Bg7 25. Rf3 Qf5 26. Rg3 Kh8 27. Rg5 Qe4 28.
Re1 Rfe8 29. Bf2 Qa4 30. Rxe8+ Rxe8 31. Qxd3 Qxf4 32. Rxg7 Qc1+ 33. Qf1 Qxf1+
34. Kxf1 Kxg7 35. Bd4+ Kg6 36. Nc2 Kf5 37. Ne3+ Ke4 38. Ng4 Kd3 39. Nf2+ Kc2 40.
b3 Kd2 41. g3 f5 42. Kg2 Rg8 43. Nh3 h5 44. Nf4 h4 45. Kh3 hxg3 46. hxg3 Kc2 47.
Kg2 Kb2 48. c4+ Kxa2 49. cxb5 axb5 50. b4 Kb3 51. Nd5 Kc4 52. Ne7 Rg5 53. Be3
Rh5 54. Nc6 d5 55. Bc5 Rg5 56. Kf3 Rh5 57. Kf4 Rh6 58. Ne5+ Kc3 59. Kxf5 d4 60.
g4 d3 61. Nxd3 Kxd3 62. g5 Rh2 63. g6 Rg2 64. Kf6 Ke4 65. g7 Kd5 66. Kf7 Rg3 67.
Bf8 Rf3+ 68. Ke8 Rg3 69. Kd7 Rg6 70. Kc7 Ke5 71. Kb7 Kf5 72. Kc7 Kg5 73. Kd7 Kf5
74. Ke7 Re6+ 75. Kf7 Rf6+ 76. Kg8 Rg6 77. Be7 Ke6 78. Kf8 Rxg7 79. Kxg7 Kxe7 80.
Kg6 Ke6 81. Kg5 Kd5 82. Kf5 Kc4 83. Ke5 Kxb4 84. Kd5 Ka4 85. Kc5 b4 86. Kc4 Ka3
87. Kd3 b3 88. Kd2 Ka2 89. Kc1 b2+ 90. Kc2 b1=Q+ {White resigns} 0-1

[Event "Team 45 45 League T62"]
[Site "Internet Chess Club"]
[Date "2014.09.26"]
[Round "5"]
[White "Invicta-Knight"]
[Black "mongmong"]
[Result "0-1"]
[WhiteElo "1496"]
[BlackElo "1598"]
[Opening "French: advance, Milner-Barry gambit"]
[ECO "C02"]
[Time "17:22:01"]
[TimeControl "2700+45"]

1. e4 e6 2. d4 d5 3. e5 c5 4. c3 Nc6 5. Nf3 Qb6 6. Bd3 cxd4 7. cxd4 Bd7 8. O-O
Nxd4 9. Nxd4 Qxd4 10. Qe2 Ne7 11. Kh1 Nc6 12. f4 Bc5 13. a3 a6 14. Nc3 Ba7 15.
Bd2 g6 16. Rf3 Qb6 17. Na4 Qb3 18. Qd1 Qxd1+ 19. Rxd1 Nd4 20. Nc3 Nxf3 21. gxf3
Rc8 22. Rc1 O-O 23. Rg1 Bxg1 24. Kxg1 Rc7 25. Kf2 Rfc8 26. Ke3 Be8 27. Be1 Rd7
28. Na4 Rc1 29. Bd2 Rh1 30. Nb6 Rc7 {White resigns} 0-1

[Event "Team 45 45 League T62"]
[Site "Internet Chess Club"]
[Date "2014.09.25"]
[Round "5"]
[White "CaptK"]
[Black "BrerRabbit"]
[Result "1/2-1/2"]
[WhiteElo "1678"]
[BlackElo "1472"]
[Opening "Old Indian: Tartakower (Wade) variation"]
[ECO "A41"]
[Time "15:00:36"]
[TimeControl "2700+45"]

1. d4 d6 2. Nf3 Bg4 3. c4 Nd7 4. Nc3 c6 5. e4 g6 6. h3 Bxf3 7. gxf3 Bg7 8. f4 e6
9. Bg2 Ne7 10. e5 d5 11. b3 Qa5 12. Bd2 Qc7 13. Rc1 Qb6 14. Be3 Nf5 15. h4 Qa5
16. h5 Qd8 17. hxg6 hxg6 18. Rxh8+ Bxh8 19. Qg4 Qh4 20. Bh3 Qxg4 21. Bxg4 Bg7
22. Ke2 Ke7 23. Bxf5 gxf5 24. Rg1 Rg8 25. Bc1 f6 26. Ba3+ Kf7 27. Rh1 Rh8 28.
Rxh8 Bxh8 29. cxd5 exd5 30. Nd1 Bg7 31. Ne3 Ke6 32. Kf3 Bh6 33. Kg3 Bf8 34. Bxf8
Nxf8 35. Kh4 Ng6+ 36. Kg3 Nf8 37. b4 a6 38. a4 b5 39. a5 Ng6 40. Nc2 Nf8 41. Na1
Nd7 42. Nb3 Kf7 43. Nc1 Nf8 44. Nd3 Ne6 45. Nc5 Nxd4 46. Nxa6 Nc2 47. f3 fxe5
48. fxe5 d4 49. Kf2 d3 50. f4 Ke7 51. e6 Kxe6 52. Nc5+ Kd6 53. a6 d2 54. Ke2 Ne3
55. Kxd2 Nd5 56. Kd1 Kc7 57. a7 Nb6 58. Ke2 Kd6 59. Kd3 Kd5 60. Kc3 Na8 61. Kd3
Nb6 62. Kc3 Na8 63. Kd3 Nb6 {Game drawn by repetition} 1/2-1/2

[Event "Team 45 45 League T62"]
[Site "Internet Chess Club"]
[Date "2014.09.28"]
[Round "5"]
[White "Danny-ONeil"]
[Black "GideonL"]
[Result "1-0"]
[WhiteElo "1412"]
[BlackElo "1422"]
[Opening "QGD Slav: 4.Nc3"]
[ECO "D15"]
[Time "19:04:20"]
[TimeControl "2700+45"]

1. d4 d5 2. c4 c6 3. Nf3 Nf6 4. Nc3 Bf5 5. Qb3 Qd7 6. cxd5 cxd5 7. Ne5 Qc7 8. e3
e6 9. Bb5+ Nbd7 10. O-O Be7 11. Bd2 O-O 12. Bxd7 Nxd7 13. Rac1 Nxe5 14. dxe5
Qxe5 15. Qxb7 Bf6 16. Na4 Rfb8 17. Qa6 Qe4 18. Nc5 Qg4 19. h3 Qg6 20. Kh1 Bxb2
21. Rce1 Rc8 22. Bb4 Qh5 23. Re2 Be5 24. f4 Bd6 25. Rc1 Bxh3 26. gxh3 Qxh3+ 27.
Kg1 Qg3+ 28. Kh1 Bxc5 29. Bxc5 Qf3+ 30. Kg1 h5 31. Rf2 Qg3+ 32. Rg2 Qh4 33. Qa3
Qf6 34. Bd4 Rxc1+ 35. Qxc1 e5 36. Bxe5 Qb6 37. Rxg7+ Kf8 38. Qa3+ {Black
resigns} 1-0

[Event "Team 45 45 League T62"]
[Site "Internet Chess Club"]
[Date "2014.09.28"]
[Round "5"]
[White "sdcohle"]
[Black "PsyMar"]
[Result "1-0"]
[WhiteElo "1360"]
[BlackElo "1336"]
[Opening "King's Indian: Petrosian system"]
[ECO "E92"]
[Time "09:48:05"]
[TimeControl "2700+45"]

1. d4 Nf6 2. c4 g6 3. Nc3 Bg7 4. e4 d6 5. Nf3 O-O 6. Be2 e5 7. d5 Ne8 8. O-O f5
9. Ne1 fxe4 10. Nxe4 Nf6 11. Bg5 Nbd7 12. Bg4 h6 13. Nxf6+ Nxf6 14. Bxc8 Qxc8
15. Bd2 Ne4 16. Be3 Nc5 17. Qc2 Qf5 18. Qc1 g5 19. Qd1 a5 20. f3 e4 21. Bd4
Bxd4+ 22. Qxd4 Rf7 23. Nc2 exf3 24. Rxf3 Qxc2 25. Rxf7 Kxf7 26. Rf1+ Kg6 27.
Qf6+ Kh5 28. Qf7+ Qg6 29. g4+ {Black resigns} 1-0

[Event "Team 45 45 League T62"]
[Site "Internet Chess Club"]
[Date "2014.09.28"]
[Round "5"]
[White "SALJOMA"]
[Black "Elton2013"]
[Result "1-0"]
[WhiteElo "1440"]
[BlackElo "1516"]
[Opening "Ruy Lopez: Classical defense deferred"]
[ECO "C70"]
[Time "19:19:15"]
[TimeControl "2700+45"]

1. e4 e5 2. Nf3 Nc6 3. Bb5 a6 4. Ba4 Bc5 5. O-O b5 6. Bb3 Nf6 7. Re1 d6 8. c3
Bb6 9. d4 O-O 10. Bg5 h6 11. Bh4 Bg4 12. d5 Nb8 13. Nbd2 Nbd7 14. a4 Nc5 15. Bc2
bxa4 16. Bxa4 Nd3 17. Re2 Nxb2 18. Qc2 Nxa4 19. Qxa4 g5 20. Bg3 Nh5 21. Ree1
Nxg3 22. hxg3 Qf6 23. Rf1 Qg6 24. Nh2 Be2 25. Rfe1 Bb5 26. Qb3 f5 27. c4 Bd7 28.
Ra2 fxe4 29. Nxe4 Qf5 30. Nf3 a5 31. Qc3 a4 32. c5 Ba5 33. Qc4 Bxe1 34. Nxe1 Bb5
35. Qc2 dxc5 36. g4 Qh7 37. Nf3 Rf4 38. Nfd2 c4 39. g3 Rf7 40. Nxc4 Bxc4 41.
Qxc4 Qg6 42. Rxa4 Rxa4 43. Qxa4 Rf8 44. Qc4 Qf7 45. Qa6 Kg7 46. Qc6 Rd8 47. d6
cxd6 48. Nxd6 Qd7 49. Nf5+ Kf7 50. Qxh6 Qd1+ 51. Kh2 Qxg4 52. Qg7+ Ke6 53. Qg6+
Kd7 54. Qd6+ Ke8 55. Qe7# {Black checkmated} 1-0

[Event "Team 45 45 League T62"]
[Site "Internet Chess Club"]
[Date "2014.09.28"]
[Round "5"]
[White "JOFRAN"]
[Black "Jet1234"]
[Result "1-0"]
[WhiteElo "1408"]
[BlackElo "1366"]
[Opening "Sicilian: Labourdonnais-Löwenthal variation"]
[ECO "B32"]
[Time "18:12:51"]
[TimeControl "2700+45"]

1. e4 c5 2. Nf3 Nc6 3. d4 cxd4 4. Nxd4 e5 5. Nb3 Nf6 6. Nc3 Bb4 7. f3 O-O 8. Be3
d5 9. exd5 Nxd5 10. Qd2 Na5 11. O-O-O Be6 12. Qd3 Rc8 13. Nxd5 Bxd5 14. Qxd5
Qxd5 15. Rxd5 Nxb3+ 16. axb3 Rc7 17. Rxe5 Rfc8 18. Bc4 a6 19. c3 Be7 20. Bb6 Rd7
21. Rd1 Rxd1+ 22. Kxd1 Bd6 23. Rf5 Bxh2 24. Bxf7+ Kh8 25. Bd4 Rf8 26. Be6 Re8
27. Rf7 h6 28. Rxg7 Rxe6 29. Re7+ Be5 30. Bxe5+ Rxe5 31. Rxe5 Kg7 32. Re8 Kf6
33. Rb8 Kf5 34. Rxb7 Kf4 35. Ra7 Kg3 36. Rxa6 h5 37. Rh6 h4 38. Ke2 Kxg2 39.
Rxh4 Kg3 40. Rc4 Kh3 41. f4 Kg4 42. f5+ Kxf5 43. b4 Ke5 44. b5 Kd5 45. b6 Kxc4
46. b7 Kc5 47. b8=Q Kc6 48. Ke3 Kd7 49. Kf4 Ke7 50. Qb6 Kd7 51. Ke5 Ke7 52. Qb7+
Kf8 53. Ke6 Kg8 54. Kf6 Kh8 55. Qg7# {Black checkmated} 1-0

[Event "Team 45 45 League T62"]
[Site "Internet Chess Club"]
[Date "2014.09.28"]
[Round "5"]
[White "Bizzy-Ketty"]
[Black "Leon13"]
[Result "1-0"]
[WhiteElo "1535"]
[BlackElo "1409"]
[Opening "Vienna gambit"]
[ECO "C29"]
[Time "17:00:29"]
[TimeControl "2700+45"]

1. e4 e5 2. Nc3 Nf6 3. f4 exf4 4. e5 Qe7 5. Qe2 Ng8 6. Nf3 d6 7. Nd5 Qd7 8.
Nxc7+ Kd8 9. Nxa8 Be7 10. d4 dxe5 11. Nxe5 Qf5 12. Qd3 Qf6 13. Qf3 Nc6 14. Qd5+
Qd6 15. Nxf7+ {Black resigns} 1-0

[Event "Team 45 45 League T62"]
[Site "Internet Chess Club"]
[Date "2014.09.29"]
[Round "5"]
[White "Aquaman"]
[Black "seattleblues"]
[Result "1/2-1/2"]
[WhiteElo "1384"]
[BlackElo "1410"]
[Opening "Nimzovich-Larsen attack: modern variation"]
[ECO "A01"]
[Time "21:06:32"]
[TimeControl "2700+45"]

1. b3 e5 2. Bb2 Nc6 3. e3 d5 4. Bb5 Bd7 5. Bxc6 Bxc6 6. Bxe5 Nf6 7. Nf3 Be7 8.
O-O O-O 9. Bb2 Re8 10. Ne5 Bb5 11. d3 Bd6 12. Nf3 c5 13. Nbd2 Rc8 14. c4 dxc4
15. dxc4 Bc6 16. Qc2 Ne4 17. Rad1 Qc7 18. g3 Rcd8 19. Ne1 Ng5 20. Ng2 b6 21. h4
Nf3+ 22. Nxf3 Bxf3 23. Rc1 Qc6 24. Ne1 Be4 25. Qe2 Qc8 26. f3 Bc6 27. Qf2 Qc7
28. f4 Qd7 29. Nc2 Qh3 30. Qh2 Qc8 31. Bc3 Be4 32. Rfe1 Ba8 33. Na3 a6 34. h5
Re6 35. e4 Bxe4 36. Qb2 f6 37. h6 Bf8 38. hxg7 Bxg7 39. Re3 Rf8 40. Rce1 Bf5 41.
Rxe6 Bxe6 42. Qe2 Re8 43. Qf2 Bf7 44. Nc2 Rxe1+ 45. Nxe1 Qf5 46. Nc2 Qd3 47. Be1
f5 48. Qg2 Bd4+ 49. Nxd4 Qxd4+ 50. Kh2 Qd8 51. Bc3 Qe8 52. Be5 Qe6 53. Qa8+ Qe8
54. Qxa6 Qe6 55. Qa8+ Be8 56. Qb7 Qh6+ 57. Kg1 Bc6 58. Qc8+ Kf7 59. Qc7+ Kg8 60.
Qd8+ Kf7 61. Qc7+ Kg8 62. Qd8+ Kf7 {Game drawn by mutual agreement} 1/2-1/2

[Event "Team 45 45 League T62"]
[Site "Internet Chess Club"]
[Date "2014.09.26"]
[Round "5"]
[White "dabodhi"]
[Black "bugeyes"]
[Result "1-0"]
[WhiteElo "1349"]
[BlackElo "1177"]
[Opening "Scotch gambit: Dubois-Réti defense"]
[ECO "C55"]
[Time "13:00:37"]
[TimeControl "2700+45"]

1. e4 e5 2. Nf3 Nc6 3. d4 exd4 4. Bc4 Nf6 5. e5 Ng4 6. Qe2 Qe7 7. Bf4 f6 8. exf6
Nxf6 9. Nbd2 d5 10. Qxe7+ Bxe7 11. Bb5 a6 12. Bxc6+ bxc6 13. Nxd4 c5 14. Nc6 Bd6
15. Bxd6 cxd6 16. O-O O-O 17. Rfe1 Bf5 18. Ne7+ Kf7 19. Nxf5 {Black resigns} 1-0

[Event "Team 45 45 League T62"]
[Site "Internet Chess Club"]
[Date "2014.09.28"]
[Round "5"]
[White "semperfi"]
[Black "Just-Jim"]
[Result "1/2-1/2"]
[WhiteElo "1375"]
[BlackElo "1378"]
[Opening "Queen's pawn: stonewall attack"]
[ECO "D00"]
[Time "11:30:29"]
[TimeControl "2700+45"]

1. d4 d5 2. e3 Nf6 3. Bd3 e6 4. f4 c5 5. b3 cxd4 6. exd4 a6 7. Nf3 Bd6 8. O-O
Nc6 9. c3 Qc7 10. Ne5 Bxe5 11. fxe5 Nd7 12. Qf3 O-O 13. Qh5 g6 14. Qh6 f5 15.
Bg5 Nd8 16. Rf3 Nf7 17. Qh4 Nxg5 18. Qxg5 Rf7 19. Rh3 Nf8 20. Be2 Qe7 21. Qg3 b5
22. Nd2 b4 23. c4 dxc4 24. Nxc4 Rb8 25. Nd6 Rg7 26. Nxc8 Rxc8 27. Bxa6 Rc3 28.
Bd3 Qd8 29. Qf2 Qa8 30. Qf3 Qc8 31. Qf1 Rgc7 32. Bc4 Qd8 33. Rd3 Rd7 34. Rad1
Rc2 35. d5 Qb6+ 36. Kh1 Kh8 37. dxe6 Rxd3 38. Rxd3 Nxe6 39. Bxe6 Qc7 40. Bc4
Qxe5 41. Rd8+ Kg7 42. Rd5 Qc3 43. Rd1 Rxa2 44. Rc1 Qe3 45. Qe1 Qg5 46. Bd5 Rd2
47. Bf3 Qf4 48. Rd1 Rb2 49. Rb1 Rd2 50. Rd1 Rc2 {Game drawn by mutual agreement}
1/2-1/2

[Event "Team 45 45 League T62"]
[Site "Internet Chess Club"]
[Date "2014.09.28"]
[Round "5"]
[White "jjaco"]
[Black "RobertBuice"]
[Result "0-1"]
[WhiteElo "1015"]
[BlackElo "1093"]
[Opening "Four knights: Spanish, classical defense"]
[ECO "C48"]
[Time "22:00:21"]
[TimeControl "2700+45"]

1. e4 e5 2. Nf3 Nc6 3. Bb5 Nf6 4. Nc3 Bc5 5. O-O Nd4 6. Re1 a6 7. Bc4 b5 8. Bb3
Nxb3 9. axb3 Ng4 10. Rf1 O-O 11. d3 c6 12. Bg5 Qb6 13. Nxe5 Nxe5 14. Bh4 d6 15.
Qd2 Be6 16. Nd1 d5 17. b4 Bd6 18. Bg3 f5 19. Kh1 fxe4 20. d4 Nf3 21. gxf3 Bxg3
22. fxg3 Bh3 23. Rf2 Rxf3 24. Ne3 Raf8 25. Kg1 Rxf2 26. Qxf2 Rxf2 27. Kxf2 Qd8
28. c3 Qf6+ 29. Ke2 Qf3+ 30. Ke1 Qh1+ {White resigns} 0-1

[Event "Team 45 45 League T62"]
[Site "Internet Chess Club"]
[Date "2014.09.29"]
[Round "5"]
[White "KingOfClubs"]
[Black "Toalla"]
[Result "1/2-1/2"]
[WhiteElo "1369"]
[BlackElo "1366"]
[Opening "Sicilian: Taimanov variation"]
[ECO "B46"]
[Time "14:00:39"]
[TimeControl "2700+45"]

1. e4 c5 2. Nf3 e6 3. d4 cxd4 4. Nxd4 Nc6 5. Nc3 a6 6. Be3 Be7 7. Be2 d6 8. Nxc6
bxc6 9. Bf3 Bb7 10. O-O Nf6 11. Qe1 O-O 12. Rd1 Qc7 13. Na4 c5 14. Nc3 h6 15.
Bf4 Nd7 16. Nd5 exd5 17. exd5 Bf6 18. c3 Rfe8 19. Qd2 g5 20. Bg3 Re7 21. h4 Rae8
22. hxg5 Bxg5 23. Bf4 Ne5 24. Bxg5 Nxf3+ 25. gxf3 hxg5 26. Qxg5+ Kh8 27. Qh6+
Kg8 28. Qg5+ Kh8 29. Qh6+ Kg8 30. Qg5+ Kh8 {Game drawn by repetition} 1/2-1/2

[Event "Team 45 45 League T62"]
[Site "Internet Chess Club"]
[Date "2014.09.28"]
[Round "5"]
[White "guyd52"]
[Black "rhayder"]
[Result "1-0"]
[WhiteElo "1335"]
[BlackElo "1363"]
[Opening "Réti: King's Indian attack"]
[ECO "A05"]
[Time "19:15:07"]
[TimeControl "2700+45"]

1. Nf3 Nf6 2. g3 g6 3. Bg2 Bg7 4. d3 O-O 5. O-O d5 6. Bf4 c6 7. Nbd2 Nbd7 8. e4
e5 9. Nxe5 Nh5 10. Nxd7 Qxd7 11. Be3 Bxb2 12. Rb1 Be5 13. exd5 cxd5 14. Nf3 Bc7
15. Re1 Nf6 16. Qd2 b6 17. Qc3 Nh5 18. Ne5 Bxe5 19. Qxe5 Bb7 20. Rb4 f6 21. Qb2
Bc6 22. Rh4 Rae8 23. Rf1 Ba4 24. Bf3 Ng7 25. Qc1 Nf5 26. Bg4 Qc6 27. Bxf5 gxf5
28. Bxb6 axb6 29. Qf4 Bxc2 30. Rc1 Re5 31. Qd2 Rc8 32. Qh6 Rc7 33. Qh5 d4 34.
Rxd4 Rd7 35. Rxd7 Qxd7 36. Rxc2 Re1+ 37. Kg2 Qxd3 38. Rc8+ Kg7 39. Rc7+ Kh8 40.
Qxh7# {Black checkmated} 1-0

[Event "Team 45 45 League T62"]
[Site "Internet Chess Club"]
[Date "2014.09.27"]
[Round "5"]
[White "arconia"]
[Black "WzeroMN"]
[Result "1-0"]
[WhiteElo "1310"]
[BlackElo "1074"]
[Opening "Inverted Hungarian"]
[ECO "C44"]
[Time "15:05:52"]
[TimeControl "2700+45"]

1. e4 e5 2. Nf3 Nc6 3. Be2 Nf6 4. d3 Bc5 5. Nc3 Bb4 6. O-O Bxc3 7. bxc3 O-O 8.
h3 d6 9. Nh2 b6 10. f4 Qe8 11. f5 a5 12. Bg5 h6 13. Bxf6 gxf6 14. Bh5 Kh8 15.
Ng4 Ne7 16. Nxh6 Ng8 17. Ng4 Qd8 18. Qe1 Kh7 19. Qh4 Kg7 20. Rf3 Nh6 21. Nxh6
Kxh6 22. Bg6+ Kg7 23. Qh7# {Black checkmated} 1-0

[Event "Team 45 45 League T62"]
[Site "Internet Chess Club"]
[Date "2014.09.28"]
[Round "5"]
[White "theartist"]
[Black "stantheman59"]
[Result "0-1"]
[WhiteElo "1012"]
[BlackElo "1176"]
[Opening "QGD: Marshall defense"]
[ECO "A50"]
[Time "13:18:04"]
[TimeControl "2700+45"]

1. d4 Nf6 2. c4 d5 3. cxd5 Nxd5 4. e4 Nb6 5. Nc3 a6 6. Nf3 e6 7. Be2 Bb4 8. a3
Be7 9. O-O Nc6 10. Be3 f6 11. d5 exd5 12. exd5 Ne5 13. Bxb6 cxb6 14. Qb3 Bg4 15.
Nxe5 Bxe2 16. Rfe1 Bh5 17. Nd3 Bf7 18. Nf4 O-O 19. Ne6 Bxe6 20. dxe6 Rc8 21. Nd5
b5 22. Nxe7+ Qxe7 23. Rac1 Rxc1 24. Rxc1 f5 25. f4 Rd8 26. Re1 Kf8 27. Re5 g6
28. Qe3 Rd1+ 29. Kf2 Qh4+ 30. Ke2 Re1+ 31. Kd3 Rxe3+ 32. Kxe3 Ke7 {White
resigns} 0-1